 Dungeon Crawl Stone Soup version 0.30.1-11-g7821555f0a (webtiles) character file.

Game seed: 18078666668898676554

376 boopmooplesden the Trooper (level 6, -10/55 HPs)
             Began as a Draconian Berserker on Nov 2, 2023.
             Was a Believer of Trog.
             Killed by nerve-wracking pain
             ... invoked by Grinder
              (14 damage)
             ... on level 3 of the Dungeon.
             The game lasted 00:04:35 (2403 turns).

boopmooplesden the Trooper (Draconian Berserker)    Turns: 2403, Time: 00:04:36

Health: -10/55     AC:  6    Str: 21    XL:     6   Next: 44%
Magic:  6/6        EV: 13    Int:  7    God:    Trog [**....]
Gold:   91         SH:  0    Dex: 11    Spells: 5/5 levels left

rFire   . . .        q - +5 halberd
rCold   . . .        (shield currently unavailable)
rNeg    . . .        (body armour unavailable)
rPois   .            (helmet restricted)
rElec   .            (no cloak)
rCorr   .            (no gloves)
SInv    .            (no boots)
Will    .....        (no amulet)
Stlth   +            (no ring)
HPRegen 0.29/turn    (no ring)
MPRegen 0.10/turn

%: no passive effects
@: on berserk cooldown, slowed, very slow
A: AC +6, unfitting armour, cold-blooded
a: Renounce Religion, Berserk, Trog's Hand


You were on level 3 of the Dungeon.
You worshipped Trog.
Trog was pleased with you.
You visited 1 branch of the dungeon, and saw 3 of its levels.

You collected 91 gold pieces.

Inventory:

Hand Weapons
 a - a +2 spear
 b - a +0 sling
 l - a +0 halberd
 q - a +5 halberd (weapon)
Missiles
 m - 2 throwing nets
Armour
 k - a +0 kite shield
Wands
 h - a wand of paralysis (3)
 o - a wand of digging (4)
Scrolls
 c - 2 scrolls of amnesia
 d - 2 scrolls of teleportation
 j - 3 scrolls of noise
 r - a scroll of vulnerability {unknown}
Potions
 e - a potion of cancellation {unknown}
 f - a potion of magic {unknown}
 g - 2 potions of curing {unknown}
 i - a potion of berserk rage {unknown}
 n - 2 potions of degeneration {unknown}
 p - a potion of invisibility {unknown}
 s - a potion of haste {unknown}


   Skills:
 + Level 4.8 Fighting
 + Level 4.6 Polearms
 + Level 0.2 Ranged Weapons
 + Level 4.4 Dodging
 + Level 0.8 Stealth
 + Level 1.6 Shields


You had 5 spell levels left.
You didn't know any spells.
Your spell library was empty.

Dungeon Overview and Level Annotations

Branches:
Dungeon (3/15)

Altars:

Shops:
D:2 ?(!*:

Annotations:
D:3 Grinder


Innate Abilities, Weirdness & Mutations

Your plain brown scales are hard. (AC +6)
You cannot fit into any form of body armour.
You are cold-blooded and may be slowed by cold attacks.


Message History

You hit Grinder.
Grinder is heavily wounded.
Grinder hits you.
You writhe in agony.
You completely miss Grinder.
Grinder is heavily wounded.
Grinder gestures at you.
You suddenly lose the ability to move!
Grinder hits you. Grinder hits you.
You writhe in agony.
Grinder hits you!
* * * LOW HITPOINT WARNING * * *
You writhe in agony.
* * * LOW HITPOINT WARNING * * *
Grinder hits you.
* * * LOW HITPOINT WARNING * * *
You writhe in agony.
* * * LOW HITPOINT WARNING * * *
You can move again.
Unknown command.
Okay, then.
A red film seems to cover your vision as you go berserk!
You feel yourself moving faster!
You feel mighty! Grinder gestures at you.
You shrug off the repeated paralysis!
You puncture Grinder!
Grinder is severely wounded.
You closely miss Grinder.
Grinder is severely wounded.
Grinder blinks!
Unknown command.
You feel a strong urge to attack something.
Grinder gestures at you. Pain shoots through your body!
* * * LOW HITPOINT WARNING * * *
Found a whip.
You feel your anger nearly subside.
You are no longer berserk.
You are exhausted.
You feel yourself slow down. Grinder gestures at you.
Pain shoots through your body!
You die...

#+## ...## ....##
.....## # ......#
#.. ......+
)....###### ......#
#....5.@..# .....##
#..######.# ....##
##### #.# ...## ...#
#.# #'## #.###.###.#
#.########.........#
#........#####.#####
#..#####.# #.# ...##
#.# #.#


You could see Grinder.

Vanquished Creatures
  5 wights (D:3)
  4 gnolls (D:2)
  An adder (D:2)
  3 dart slugs
  An orc (D:3)
  6 endoplasms
  2 giant cockroaches (D:1)
  7 goblins
  6 hobgoblins
  3 jackals (D:3)
  4 kobolds
  2 quokkas
  7 ball pythons
  7 bats (D:1)
  4 frilled lizards
  5 rats
67 creatures vanquished.

Notes
Turn   | Place    | Note
-------+----------+-------------------------------------------
     0 | D:1      | boopmooplesden the Draconian Berserker began the quest for
                  | the Orb.
     0 | D:1      | Reached XP level 1. HP: 19/19 MP: 1/1
   146 | D:1      | Reached XP level 2. HP: 25/26 MP: 2/2
   500 | D:1      | Reached ** piety under Trog
   585 | D:1      | Reached XP level 3. HP: 33/33 MP: 3/3
   977 | D:2      | Found a faded altar of an unknown god.
  1008 | D:2      | Reached XP level 4. HP: 18/40 MP: 4/4
  1322 | D:2      | Found Ecoxued's Magic Scroll Emporium.
  1524 | D:2      | Found Lererul's General Store.
  1524 | D:2      | Found Hasacittud's Distillery.
  1719 | D:2      | Found Warhutaol's Book Shop.
  1872 | D:2      | Found Muogriut's Antique Weapon Shop.
  2166 | D:3      | Reached XP level 5. HP: 47/47 MP: 5/5
  2173 | D:3      | Reached skill level 1 in Shields
  2241 | D:3      | Reached XP level 6. HP: 52/53 MP: 6/6
  2383 | D:3      | Noticed Grinder
  2393 | D:3      | Paralysed by Grinder for 4 turns
  2403 | D:3      | Killed from afar by Grinder

Illustrated notes

Levels and vault maps discovered:
D:1:      denvon_arrival_planthouse, layout_loops_ring,
          amcnicky_mini_corridor_feature, serial_bayou_lake_a
D:2:      layout_loops_corners, serial_shops, nicolae_shop_trees,
          nicolae_shop_behind_doors, shop, shop, shop,
          shapermc_ecumenical_altar_starsandcircs
D:3:      layout_loops_corners, hex_tiny, uniq_grinder, uniq_crazy_yiuf_cottage

Skill      XL: |  1  2  3  4  5 |
---------------+----------------+-----
Dodging        | 3 4 |  4.4
Fighting       | 4 |  4.8
Polearms       | 4 |  4.6
Shields        | 1 |  1.6
Ranged Weapons | |  0.2
Stealth        | |  0.8

Action                     |  1- 3 |  4- 6 || total
---------------------------+-------+-------++-------
  Melee: Spear             |   113 |   117 ||   230
         Tailslap          |    11 |    18 ||    29
         Halberd           |       |    10 ||    10
   Fire: Sling             |     3 |       ||     3
 Invoke: Berserk           |     1 |     3 ||     4
    Use: Scroll            |       |     8 ||     8
 Armour: Skin              |    59 |    23 ||    82
  Dodge: Dodged            |   102 |    51 ||   153
  Block: Kite shield       |     2 |    33 ||    35
